 Dungeon Crawl Stone Soup version 0.30-a0-533-g4794bfbd1c (webtiles) character file.

Game seed: 13975019823825220384

4184 Angani the Spear-Bearer (level 10, -3/86 HPs)
             Began as a Purple Draconian Reaver on Dec 24, 2022.
             Was a High Priest of Trog.
             Succumbed to their own poison gas
             ... on level 9 of the Dungeon.
             The game lasted 00:15:58 (8529 turns).

Angani the Spear-Bearer (Purple Draconian Reaver)   Turns: 8529, Time: 00:15:59

Health: -3/86      AC:  9    Str: 15    XL:     10   Next: 8%
Magic:  13/13      EV: 17    Int: 16    God:    Trog [*****.]
Gold:   384        SH:  0    Dex: 11    Spells: 12/13 levels left

rFire   . . .      SeeInvis .    u - +10 trident "Gunkuhol" {vorpal, Will+}
rCold   . . .      Faith    +    (no shield)
rNeg    . . .      Spirit   .    (body armour unavailable)
rPois   .          Reflect  .    (helmet restricted)
rElec   .          Harm     .    p - +0 cloak
rCorr   .          Rampage  .    (no gloves)
Will    +++++                    w - +0 pair of boots
Stlth   +++                      n - amulet of faith
HPRegen 1.34/turn                e - +4 ring of evasion
MPRegen 0.13/turn                j - ring of willpower

@: mighty, lethally poisoned (-3 -> -22), short of breath, strong-willed,
regenerating
A: breathe power, AC +7, unfitting armour, cold-blooded
a: Breathe Dispelling Energy, Renounce Religion, Berserk, Trog's Hand, Brothers
in Arms


You were on level 9 of the Dungeon.
You worshipped Trog.
Trog was extremely pleased with you.
You visited 1 branch of the dungeon, and saw 9 of its levels.
You also visited: Sewer.

You collected 474 gold pieces.
You spent 90 gold pieces at shops.

Inventory:

Hand Weapons
 u - the +10 trident "Gunkuhol" (weapon) {vorpal, Will+}
   (You found it on level 5 of the Dungeon)

   It inflicts extra damage upon your enemies.
   Will:      It increases your willpower.
Missiles
 k - 2 throwing nets
Armour
 m - an orb of mayhem
 p - a +0 cloak (worn)
 w - a +0 pair of boots (worn)
Jewellery
 e - a +4 ring of evasion (left hand)
 h - a ring of positive energy
 j - a ring of willpower (right hand)
 n - an amulet of faith (around neck)
 r - a +4 ring of evasion
Wands
 o - a wand of flame (43)
Scrolls
 a - a scroll of torment
 f - a scroll of amnesia
 i - 4 scrolls of magic mapping
 t - 2 scrolls of immolation
 y - a scroll of butterflies
 z - 2 scrolls of fog
Potions
 c - 5 potions of flight
 s - 3 potions of mutation {unknown}
 x - 2 potions of attraction
 A - a potion of lignification {unknown}
 B - a potion of magic


   Skills:
 + Level 7.1 Fighting
 * Level 9.7 Polearms
 + Level 5.7 Dodging
 + Level 5.8 Stealth
 - Level 2.4 Spellcasting
 - Level 3.0 Conjurations
 + Level 4.5 Evocations


You had 12 spell levels left.
You knew the following spells:

 Your Spells              Type           Power      Damage    Failure   Level
a - Kiss of Death         Conj/Necr      24%        2d7       11%         1

Your spell library contained the following spells:

 Spells                   Type           Power      Damage    Failure   Level
 Momentum Strike          Conj/Tloc      12%        3d8       16%         2
 Sandblast                Erth           2%         2d4       21%         1
 Hailstorm                Conj/Ice       6%         3d4       32%         3
 Stone Arrow              Conj/Erth      12%        3d7       32%         3
 Tukima's Dance           Hex            1%         N/A       52%         3
 Cause Fear               Hex            0%         N/A       89%         4
 Iron Shot                Conj/Erth      3%         9d2       100%        6


Dungeon Overview and Level Annotations

Branches:
Dungeon (9/15)             Temple (0/1) D:4           Sewer (visited)
   Lair: D:8-11         Orc: D:9-12

Altars:
Elyvilon
Gozag
Hepliaklqana
Kikubaaqudgha
Nemelex Xobeh
Qazlal
Trog
Uskayaw
Vehumet
Wu Jian
Zin

Shops:
D:3 ?

Annotations:
D:4 3 runed translucent doors, Autsider's ghost, amateur GrRe
D:8 3 runed translucent doors, Athor's ghost, novice FoFi


Innate Abilities, Weirdness & Mutations

You can breathe bolts of dispelling energy.
Your rich purple scales are hard. (AC +7)
You cannot fit into any form of body armour.
You are cold-blooded and may be slowed by cold attacks.


Message History

* * * LOW HITPOINT WARNING * * *
You feel very sick.
The killer bee stings you but does no damage.
The killer bee misses you.
Unknown command.
Unknown command.
You feel better.
You are engulfed in poison gas.
You are poisoned.
* * * LOW HITPOINT WARNING * * *
x2 You feel very sick.
The killer bee misses you. x2
Unknown command.
You feel much better.
You are engulfed in poison gas.
You are lethally poisoned!
* * * LOW HITPOINT WARNING * * *
You feel extremely sick. The killer bee misses you.
The killer bee stings you but does no damage.
The shadow imp shouts, "Taste defeat, thou pottle-deep fat-kidneyed puttock!"
Unknown command.
You feel much better.
You are engulfed in poison gas.
You are lethally poisoned!
You feel extremely sick. The killer bee misses you.
The killer bee completely misses you.
Unknown command.
Okay, then.
Your skin crawls.
You feel strong-willed.
You are engulfed in poison gas.
You are lethally poisoned!
* * * LOW HITPOINT WARNING * * *
Your surroundings suddenly seem different.
* * * LOW HITPOINT WARNING * * *
You feel extremely sick.
Unknown command.
* * * LOW HITPOINT WARNING * * *
You feel extremely sick.
Okay, then.
It was a potion of might.
You feel very mighty all of a sudden.
You die...

... #...#.# ####.#..#
...###.###.## .....##.######
...#.....☼..# ####........#
)..#.....○§... #........#
...#.....○§☼.# #........#
...#.....○☼§.. #........#
...##y...§☼☼.. #........#
...{c5####§§...#########.#.##
...y)y5.# #.....@.....##.#.#
.#(K.>..# #..........[##.#.#
............#..............###
..#.....[#..#.........<##....#
#............................#
....................####.....#
........##........... ##....#
...........#. #....# ...
#....#


There were no monsters in sight!

Vanquished Creatures
  The ghost of tilp the Shield-Bearer, an amateur MeFi (D:7)
  A hornet (D:6)
  A wyvern (D:8)
  A steam dragon (D:8)
  Edmund (D:5)
  2 water moccasins
  Duvessa (D:5)
  2 orc warriors (D:7)
  3 ice beasts
  3 ogres (D:5)
  A centaur (D:8)
  3 phantoms
  4 kobold brigands
  4 bullfrogs
  A necrophage (D:8)
  2 scorpions (D:5)
  Dowan (D:5)
  6 killer bees
  2 howler monkeys
  A jelly (D:6)
  A gnoll bouda (D:6)
  4 hounds
  2 orc priests
  Ijyb (D:5)
  4 iguanas
  7 orc wizards
  13 adders
  8 gnolls
  8 river rats
  A shadow imp (D:7)
  A white imp (D:8)
  3 ufetubi
  4 worms
  2 dart slugs (D:1)
  20 orcs
  11 bats
  6 endoplasms
  5 giant cockroaches
  6 goblins
  9 hobgoblins
  2 jackals (Sewer)
  5 quokkas
  3 ball pythons (D:2)
  3 frilled lizards
  19 kobolds
  10 rats
199 creatures vanquished.

Vanquished Creatures (others)
  2 fungi (D:4)
  6 plants
  4 withered plants (D:1)
12 creatures vanquished.

Grand Total: 211 creatures vanquished

Notes
Turn   | Place    | Note
-------+----------+-------------------------------------------
     0 | D:1      | Angani the Draconian Reaver began the quest for the Orb.
     0 | D:1      | Reached XP level 1. HP: 17/17 MP: 3/3
    65 | D:1      | Reached XP level 2. HP: 25/25 MP: 5/5
   369 | D:1      | Got Xipiog's Volume of Vexing Earth
   447 | D:1      | Reached XP level 3. HP: 29/30 MP: 6/6
   515 | D:1      | Found a faded altar of an unknown god.
   553 | D:1      | Prayed at the altar of an unknown god.
   553 | D:1      | Became a worshipper of Trog the Wrathful
   553 | D:1      | Reached * piety under Trog
   801 | D:2      | Reached skill level 4 in Polearms
  1042 | D:2      | Reached XP level 4. HP: 38/38 MP: 7/7
  1449 | D:2      | Reached skill level 1 in Stealth
  2053 | D:3      | Reached ** piety under Trog
  2251 | D:3      | Reached XP level 5. HP: 45/45 MP: 8/8
  2414 | D:3      | Found a glowing drain.
  2422 | Sewer    | Entered a sewer
  2463 | Sewer    | Reached skill level 5 in Polearms
  2636 | Sewer    | Reached XP level 6. HP: 13/52 MP: 9/9
  2790 | Sewer    | Found a glowing silver altar of Zin.
  3089 | D:3      | Found Toejol's Magic Scroll Boutique.
  3094 | D:3      | Bought a scroll of teleportation for 30 gold pieces
  3094 | D:3      | Bought 2 scrolls of identify for 40 gold pieces
  3094 | D:3      | Bought a scroll of identify for 20 gold pieces
  4134 | D:4      | Found a runed translucent gate.
  4134 | D:4      | Found a runed translucent gate.
  4135 | D:4      | Found a runed translucent gate.
  4136 | D:4      | Noticed Autsider's ghost (amateur GrRe)
  4164 | D:4      | Found a staircase to the Ecumenical Temple.
  4323 | D:4      | Found a hazy altar of Hepliaklqana.
  4548 | D:5      | Entered Level 5 of the Dungeon
  4573 | D:5      | Noticed Duvessa
  4679 | D:4      | Reached *** piety under Trog
  4762 | D:5      | Noticed Edmund
  4787 | D:5      | Reached skill level 6 in Polearms
  4787 | D:5      | Your scales start taking on a rich purple colour.
  4787 | D:5      | Reached XP level 7. HP: 60/60 MP: 10/10
  4831 | D:5      | Noticed Ijyb
  4852 | D:5      | Killed Ijyb
  5052 | D:5      | Noticed Dowan
  5069 | D:5      | Killed Duvessa
  5091 | D:5      | Killed Dowan
  5110 | D:5      | Identified the +10 trident "Gunkuhol" {vorpal, Will+}
  5328 | D:5      | Reached skill level 5 in Fighting
  5451 | D:5      | Reached XP level 8. HP: 68/68 MP: 11/11
  5456 | D:5      | Reached skill level 7 in Polearms
  5515 | D:5      | Found a hide-covered altar of Uskayaw.
  5592 | D:5      | Found a sparkling altar of Nemelex Xobeh.
  5699 | D:5      | Killed Edmund
  5893 | D:6      | Reached skill level 1 in Evocations
  6015 | D:6      | Found a white marble altar of Elyvilon.
  6147 | D:6      | Reached skill level 8 in Polearms
  6153 | D:6      | Reached **** piety under Trog
  6356 | D:6      | Found a stormy altar of Qazlal.
  6585 | D:7      | Noticed a hornet
  6596 | D:6      | Killed a hornet
  6597 | D:6      | Reached XP level 9. HP: 58/75 MP: 12/12
  6669 | D:7      | Found a runed translucent door.
  6670 | D:7      | Noticed tilp's ghost (amateur MeFi)
  6824 | D:7      | Reached skill level 5 in Dodging
  6852 | D:7      | Found a radiant altar of Vehumet.
  6865 | D:7      | Reached skill level 5 in Stealth
  7215 | D:7      | Found an ancient bone altar of Kikubaaqudgha.
  7386 | D:7      | Reached skill level 9 in Polearms
  7420 | D:7      | Found an ornate altar of the Wu Jian Council.
  7534 | D:7      | Killed tilp's ghost
  7762 | D:8      | Found a runed translucent gate.
  7764 | D:8      | Reached ***** piety under Trog
  7910 | D:8      | Reached XP level 10. HP: 27/86 MP: 13/13
  8302 | D:8      | Found a runed translucent gate.
  8302 | D:8      | Found a runed translucent gate.
  8303 | D:8      | Found an opulent altar of Gozag.
  8304 | D:8      | Noticed Athor's ghost (novice FoFi)
  8304 | D:8      | Noticed a boulder beetle
  8304 | D:8      | Noticed a cyclops
  8474 | D:9      | Found a glowing silver altar of Zin.
  8520 | D:9      | Noticed an orange demon
  8528 | D:9      | HP: 3/86 [poisoned by you (poison gas)]
  8529 | D:9      | Succumbed to their own poison gas

Illustrated notes

Levels and vault maps discovered:
D:1:      lemuel_arrival_cross, layout_rooms,
          shapermc_ecumenical_altar_flowoftime
D:2:      layout_loops_ring, minmay_tetromino_t4
D:3:      layout_loops_corners, lightli_sewer_entry_pipes, serial_shops, shop,
          grunt_decor_fettered
D:4:      layout_layer_cave, nzn_hepliaklqana_mist_gate, temple_pool_b,
          gammafunk_ghost_nasty_kobolds, minmay_box_of_dots
D:5:      layout_basic, mainiacjoe_overflow_cross_hatched,
          nemelex_dance_club_becter, minmay_increasing_density, uniq_edmund,
          uniq_duvessa, uniq_ijyb
D:6:      layout_loops_cross, kennysheep_mini, lemuel_tele_altar,
          chequers_arboretum
D:7:      layout_loops_ring, nzn_wu_jian_council_hall, fiery_altar_vehumet,
          mainiacjoe_overflow_chevrons, hellmonk_ghost_happy_afterlife
D:8:      layout_cave_pools, ebering_ghost_gozag, serial_column_ruins,
          column_ruins_hut, column_ruins_hut_ruined,
          column_ruins_columns_dead_end, column_ruins_corridor_dead_end,
          column_ruins_open_tiny, column_ruins_open_tiny,
          column_ruins_corridor_straight
D:9:      minmay_octagon_keep, layout_rooms, zin_academy,
          grunt_temple_overflow_octagram, nicolae_figureground_sparkle

Skill      XL: |  1  2  3  4  5  6  7  8  9 |
---------------+----------------------------+-----
Polearms       | 4 5 6 8 9 |  9.7
Fighting       | 3 4 5 6 7 |  7.1
Dodging        | 2 3 4 5 |  5.7
Stealth        | 1 2 3 4 5 |  5.8
Evocations     | 2 4 |  4.5
Spellcasting   | |  2.4
Conjurations   | |  3.0

Action                   |  1- 3 |  4- 6 |  7- 9 | 10-12 || total
-------------------------+-------+-------+-------+-------++-------
Melee: Spear             |   184 |   300 |       |       ||   484
       Tailslap          |    20 |    44 |    30 |       ||    94
       Punch             |     4 |     2 |     5 |       ||    11
       Trident           |       |    91 |   283 |    16 ||   390
       Halberd           |       |    32 |       |       ||    32
Invok: Berserk           |       |     6 |     2 |       ||     8
       Trog's Hand       |       |     1 |       |     1 ||     2
 Abil: Breathe Dispellin |       |       |     3 |     1 ||     4
Evoke: Wand              |       |       |     3 |     1 ||     4
  Use: Scroll            |       |     6 |     7 |     2 ||    15
       Potion            |       |     8 |       |     5 ||    13
 Stab: Sleeping          |       |     4 |    11 |     1 ||    16
       Distracted        |       |       |     1 |       ||     1
Armor: Skin              |    29 |    76 |    38 |     5 ||   148
Dodge: Dodged            |    88 |   307 |   189 |    26 ||   610

Table legend: (Time is in decaauts)
 A = Elapsed time spent in this place.
 B = Non-inter-level travel time spent in this place.
 C = Inter-level travel time spent in this place.
 D = Time resting spent in this place.
 E = Time spent auto-exploring this place.
 F = Levels seen in this place.
 G = Mean time per level.
                   A        B        C        D        E       F      G
               +--------+--------+--------+--------+--------+-----+--------+
         Total |   8587 |   8100 |    487 |   1071 |   5061 |  10 |  858.7 |
       Dungeon |   8158 |   7671 |    487 |    878 |   4946 |   9 |  906.4 |
         Sewer |    429 |    429 |      0 |    193 |    115 |   1 |  429.0 |
               +--------+--------+--------+--------+--------+-----+--------+

Top non-repeatable levels by time:
     D:3: 1320 daAuts
     D:5: 1240 daAuts
     D:4: 1165 daAuts
     D:2: 1006 daAuts
     D:7: 942 daAuts
     D:8: 841 daAuts
     D:6: 806 daAuts
     D:1: 756 daAuts
   Sewer: 429 daAuts
     D:9: 76 daAuts
